Map: Cyber Forest LE

Players

Namshar - Winner!

  • Race: Zerg Zerg
  • Spawn Location: 5:00

Creed

  • Race: Terran Terran
  • Spawn Location: 11:00

Event: 2019 WCS Spring

VOD

Have the link to the VOD?

Description

Time

  • Played on: May 17, 2019, 2:04 p.m.
  • Length: 11:28

All games in this series

Show
View Real Time Build Order
Export as new Build Order

Namshar Zerg - Winner!

Build Orders: Hatch First 

Get SALT Encoding   

  12  0:00  Drone  
  13  0:12  Overlord  
  13  0:16  Drone  
  14  0:30  Drone x2  
  16  0:47  Hatchery  
  15  0:51  Drone  
  15  0:55  Drone  
  17  0:57  Drone  
  18  1:08  Extractor  
  17  1:13  Spawning Pool  
  17  1:16  Drone  
  17  1:20  Drone  
  18  1:28  Drone  
  19  1:38  Drone  
  20  1:49  Overlord  
  20  1:59  Queen  
  20  2:00  Queen  
  20  2:01  Zergling x4  
  26  2:08  Metabolic Boost  
  26  2:10  Drone  
  26  2:11  Drone  
  28  2:21  Drone x2  
  30  2:28  Extractor  
  29  2:35  Overlord  
  29  2:36  Queen  
  31  2:43  Extractor  
  31  2:44  Drone  
  31  2:45  Drone  
  31  2:46  Drone  
  31  2:49  Pneumatized Carapace  
  34  2:53  Drone  
  34  2:56  Drone  
  37  3:08  Hatchery  
  37  3:12  Drone  
  37  3:14  Drone x2  
  39  3:26  Overlord, Drone x2  
  41  3:33  Queen  
  43  3:35  Drone  
  43  3:40  Roach Warren  
  43  3:47  Drone x6  
  49  3:56  Overlord x2  
  49  3:59  Drone x2  
  51  4:06  Overlord  
  51  4:10  Queen  
  51  4:11  Extractor  
  52  4:19  Overlord  
  52  4:20  Drone x5  
  52  4:23  Queen  
  59  4:28  Drone x3  
  62  4:31  Zergling x4  
  62  4:32  Zergling x2  
  62  4:35  Zergling x2  
  66  4:41  Roach  
  66  4:44  Roach x2  
  72  4:50  Roach  
  72  4:51  Roach x3  
  72  4:52  Drone  
  81  4:53  Drone  
  81  4:55  Drone  
  81  4:56  Overlord  
  83  5:15  Roach x2  
  83  5:17  Drone x6  
  93  5:25  Drone x3  
  92  5:34  Drone x8  
  93  5:41  Extractor, Drone  
  93  5:42  Queen  
  90  5:47  Overlord  
  90  5:48  Lair  
  92  5:50  Drone x2  
  92  5:54  Evolution Chamber  
  93  5:57  Extractor  
  93  5:58  Evolution Chamber, Extractor  
  93  5:59  Drone x2  
  93  6:02  Extractor  
  90  6:04  Drone  
  90  6:05  Drone  
  90  6:09  Baneling Nest  
  91  6:15  Drone x6  
  97  6:27  Drone  
  98  6:33  Hatchery, Overlord x2, Zerg Melee Weapons Level 1, Zerg Ground Armor Level 1  
  98  6:34  Overlord  
  97  6:42  Zergling x14  
  97  6:43  Zergling x4  
  106  6:52  Centrifical Hooks  
  106  6:55  Infestation Pit, Drone  
  106  6:57  Overlord  
  106  6:58  Overlord  
  106  7:00  Drone  
  107  7:01  Zergling x2  
  107  7:02  Hatchery  
  107  7:04  Ravager x4  
  111  7:15  Zergling x14  
  117  7:16  Ravager  
  117  7:17  Ravager  
  117  7:21  Zergling x10  
  124  7:33  Hive  
  124  7:39  Queen x2  
  124  7:42  Ravager x2, Baneling  
  124  7:43  Baneling x8  
  124  7:44  Drone x7  
  133  7:50  Zergling x8  
  141  8:09  Overlord x5  
  141  8:11  Zergling x6  
  141  8:13  Hatchery  
  136  8:28  Zerg Ground Armor Level 2, Zerg Melee Weapons Level 2  
  136  8:31  Queen  
  136  8:32  Drone  
  136  8:34  Zergling x2, Drone x2  
  141  8:35  Zergling x16  
  141  8:38  Baneling x8  
  141  8:39  Baneling  
  141  8:40  Drone  
  151  8:45  Ultralisk Cavern  
  151  8:46  Viper  
  153  8:52  Viper  
  156  8:59  Drone  
  156  9:02  Zergling x18  
  166  9:04  Baneling x4  
  166  9:08  Hatchery  
  165  9:15  Adrenal Glands  
  164  9:21  Overlord x2  
  164  9:40  Chitinous Plating  
  164  9:43  Extractor, Drone x2  
  164  9:44  Extractor, Drone x4  
  164  9:45  Drone x2  
  170  9:51  Overlord x2  
  169  10:06  Ultralisk x3  
  186  10:07  Overlord x2  
  186  10:08  Overlord  
  186  10:09  Zergling x2  
  186  10:10  Zergling x36  
  199  10:15  Burrow  
  199  10:22  Baneling x8  
  199  10:32  Baneling x2  
  190  10:44  Ultralisk x2  
Show
View Real Time Build Order
Export as new Build Order

Creed Terran 

Build Orders: Liberator Opening, Reaper Expand 

Get SALT Encoding   

  12  0:00  SCV  
  13  0:12  SCV  
  14  0:17  Supply Depot  
  14  0:24  SCV  
  15  0:39  SCV  
  15  0:41  Barracks  
  16  0:44  Refinery  
  16  0:51  SCV  
  17  1:03  SCV  
  18  1:15  SCV  
  19  1:28  Orbital Command  
  19  1:29  Reaper  
  20  1:44  Command Center  
  21  1:54  SCV  
  21  2:01  Marine  
  22  2:07  Supply Depot  
  22  2:09  Factory  
  22  2:10  SCV  
  23  2:17  Refinery  
  23  2:21  Barracks Reactor  
  23  2:28  SCV  
  24  2:40  SCV  
  25  2:52  SCV  
  25  2:56  Starport  
  26  3:01  Orbital Command  
  26  3:04  SCV  
  26  3:05  Barracks Reactor  
  27  3:06  Hellion x2  
  31  3:17  SCV  
  32  3:22  Supply Depot  
  32  3:27  Hellion x2  
  32  3:31  SCV  
  32  3:32  SCV, Liberator  
  37  3:37  Liberator  
  37  3:45  SCV x2  
  37  3:48  Supply Depot  
  45  3:56  Hellion  
  45  3:58  Hellion  
  45  4:01  SCV x2  
  51  4:04  Barracks Tech Lab  
  51  4:13  Supply Depot  
  51  4:14  SCV x2  
  53  4:27  Stimpack  
  53  4:29  SCV  
  53  4:30  SCV  
  55  4:36  Command Center  
  55  4:41  Barracks  
  55  4:44  SCV x2, Marine  
  58  4:50  Factory Tech Lab  
  58  4:53  Barracks  
  58  4:56  SCV x2  
  58  4:59  Refinery  
  60  5:06  Engineering Bay  
  60  5:07  Engineering Bay  
  60  5:08  SCV x2, Marine  
  60  5:09  Siege Tank  
  60  5:10  Starport Reactor  
  64  5:22  Supply Depot  
  64  5:23  Supply Depot  
  64  5:27  SCV  
  65  5:35  SCV  
  59  5:39  SCV  
  59  5:40  Marine x2  
  53  5:44  Siege Tank  
  53  5:47  SCV  
  53  5:48  Bunker, Orbital Command  
  53  5:49  Marine  
  57  5:50  Marine x2  
  57  5:54  Bunker  
  57  5:55  Terran Infantry Weapons Level 1  
  60  5:58  Terran Infantry Armor Level 1  
  60  5:59  Marine  
  60  6:00  Marine  
  60  6:03  Medivac  
  64  6:07  SCV  
  64  6:08  SCV  
  64  6:10  Medivac, Refinery  
  68  6:18  Marine x3  
  68  6:19  Marine x2  
  68  6:24  Siege Tank  
  76  6:36  Combat Shield, Marine x2  
  76  6:38  Marine x3  
  81  6:53  Orbital Command  
  81  6:54  Marine x2  
  81  6:55  Marine  
  81  6:57  Armory  
  81  6:58  Barracks x2  
  81  6:59  SCV x2, Supply Depot x2  
  81  7:01  Marine x2  
  86  7:08  Siege Tank  
  91  7:11  SCV  
  91  7:14  Marine x2  
  94  7:15  Supply Depot  
  94  7:18  SCV x2, Supply Depot  
  96  7:22  Marine  
  96  7:23  Marine x2  
  96  7:24  SCV  
  100  7:30  SCV, Supply Depot  
  100  7:31  SCV  
  100  7:32  Marine  
  100  7:35  Marine, Supply Depot  
  100  7:36  SCV  
  105  7:40  Siege Tank  
  108  7:48  Marine x2  
  108  7:52  Barracks Reactor  
  108  7:53  SCV x3, Barracks Reactor  
  108  7:56  Medivac x2  
  114  7:59  Marine x2  
  116  8:07  Terran Infantry Weapons Level 2  
  116  8:18  Marine x5  
  117  8:20  Terran Infantry Armor Level 2  
  117  8:26  Siege Tank  
  120  8:28  Supply Depot  
  120  8:29  Supply Depot, Marine x4  
  124  8:35  Marine  
  124  8:36  Marine  
  124  8:38  SCV x2  
  124  8:39  SCV  
  129  8:41  Barracks  
  129  8:43  Barracks  
  129  8:45  Marine x3  
  129  8:47  Medivac x2  
  136  8:49  Marine x3  
  138  8:56  Marine x3  
  138  8:58  Siege Tank  
  138  9:02  Marine  
  144  9:06  Marine x2  
  144  9:07  Sensor Tower, Marine  
  144  9:09  Supply Depot x2  
  147  9:19  Marine x3  
  147  9:20  Marine  
  147  9:22  Marine x2  
  153  9:28  Marine  
  153  9:29  Marine x3  
  157  9:32  Command Center  
  157  9:38  Marine x2  
  159  9:45  Marine x5  
  161  9:46  Supply Depot  
  161  9:49  Supply Depot  
  163  10:00  Marine x4  
  163  10:02  Supply Depot  
  163  10:06  Marine x3  
  166  10:10  Medivac x2  
  166  10:12  Marine  
  166  10:13  Marine x2  
  166  10:24  Marine x2  
  166  10:27  Marine  
  166  10:28  Marine x3  
  172  10:31  Marine x2  
  172  10:33  Siege Tank  
  177  10:47  Marine x5  
  182  10:56  Marine x4  
Tags
 
Add a new tag
Caveats
  • Supply blocks, unpowered buildings, or Contaminate may cause inaccurate times.
  • Supply counts are checked every 10 seconds.